Map: Prion Terraces

Players

AGENTofCHAOS

  • Race: Protoss Protoss
  • League: Platinum

LilDicky - Winner!

  • Race: Terran Terran
  • League: Platinum

VOD

http://www.twitch.tv/tumescentpie

Description

Time

  • Played on: Nov. 21, 2015, 12:31 a.m.
  • Length: 4:57
Show
View Real Time Build Order
Export as new Build Order

AGENTofCHAOS Protoss 

Build Orders:  

Get SALT Encoding   

  12  0:01  Probe (Chrono Boost)  
  13  0:11  Probe (Chrono Boost)  
  14  0:18  Pylon  
  14  0:22  Probe (Chrono Boost)  
  15  0:35  Assimilator  
  15  0:37  Probe (Chrono Boost)  
  16  0:47  Probe (Chrono Boost)  
  17  0:50  Gateway  
  17  0:58  Probe (Chrono Boost)  
  18  1:08  Probe (Chrono Boost)  
  19  1:19  Probe (Chrono Boost)  
  19  1:22  Pylon  
  20  1:29  Probe (Chrono Boost)  
  21  1:40  Cybernetics Core  
  21  1:43  Probe (Chrono Boost), Zealot  
  24  1:55  Probe (Chrono Boost)  
  25  2:04  Nexus  
  25  2:09  Assimilator  
  25  2:12  Probe (Chrono Boost)  
  25  2:17  Warp Gate (Chrono Boost)  
  25  2:24  Pylon  
  25  2:25  Probe (Chrono Boost)  
  25  2:27  Sentry  
  28  2:37  Assimilator  
  28  2:43  Mothership Core (Chrono Boost)  
  30  2:57  Gateway  
  30  3:03  Gateway  
  30  3:11  Stalker  
  32  3:13  Probe  
  33  3:25  Probe  
  25  3:39  Probe  
  25  3:40  Probe, Assimilator  
  27  3:42  Assimilator  
  27  3:53  Forge  
  24  4:14  Stalker x2  
  23  4:32  Probe  
  24  4:46  Photon Cannon  
Show
View Real Time Build Order
Export as new Build Order

LilDicky Terran - Winner!

Build Orders:  

Get SALT Encoding   

  12  0:01  SCV  
  13  0:13  SCV  
  14  0:19  Supply Depot  
  14  0:25  SCV  
  15  0:33  Refinery  
  15  0:41  SCV  
  16  0:45  Barracks  
  16  0:54  SCV  
  17  1:06  SCV  
  18  1:18  SCV  
  19  1:30  SCV  
  19  1:32  Supply Depot  
  20  1:36  Marine  
  21  1:40  Factory  
  21  1:42  Orbital Command  
  21  1:54  Marine  
  22  2:08  Barracks  
  22  2:12  Marine  
  23  2:17  Barracks  
  23  2:20  SCV  
  24  2:29  Marine  
  24  2:33  SCV  
  26  2:39  Refinery  
  26  2:40  Widow Mine  
  28  2:46  SCV  
  28  2:51  Barracks Reactor  
  28  2:53  Supply Depot  
  28  2:57  Barracks Tech Lab  
  28  2:58  SCV  
  29  3:04  Barracks Tech Lab  
  29  3:08  Widow Mine  
  31  3:15  SCV  
  32  3:24  Combat Shields  
  32  3:25  Marine  
  32  3:26  Marine  
  34  3:27  SCV  
  34  3:30  Supply Depot  
  34  3:31  Marine  
  34  3:33  Marine  
  37  3:39  Widow Mine  
  39  3:51  Marine x2  
  39  3:52  Marauder x2  
  39  3:54  Supply Depot  
  45  4:09  Marine x2  
  47  4:11  Starport  
  47  4:16  Marauder  
  49  4:29  Marauder, Marine x2  
  61  4:54  Supply Depot  
Tags
 
Add a new tag
Caveats
  • Supply blocks, unpowered buildings, or Contaminate may cause inaccurate times.
  • Supply counts are checked every 10 seconds.